 Dungeon Crawl Stone Soup version 0.21.0-24-g2553a33 (webtiles) character file.

28626 lydgate the Basher (level 13, -2/83 HPs)
             Began as a Gargoyle Fighter on Jan 16, 2018.
             Was a High Priest of Okawaru.
             Slain by an ice devil (4 damage)
             ... summoned by an orc high priest
             ... on level 2 of the Orcish Mines on Jan 20, 2018.
             The game lasted 02:00:01 (14911 turns).

lydgate the Basher (Gargoyle Fighter)              Turns: 14911, Time: 02:00:01

Health: -2/83      AC: 28    Str: 24    XL:     13   Next: 40%
Magic:  15/15      EV: 11    Int: 14    God:    Okawaru [*****.]
Gold:   1061       SH:  0    Dex: 13    Spells: 12/15 levels left

rFire    . . .     SeeInvis .   g - +3 dire flail (protect)
rCold    + + .     Gourm    .   (shield currently unavailable)
rNeg     + . .     Faith    .   p - +2 chain mail {MR+}
rPois    ∞         Spirit   .   M - +0 helmet "Eryer" {*Contam rCorr Int+4}
rElec    +         Reflect  .   v - scarf {rC+ rF+}
rCorr    +         Harm     +   l - +2 pair of gloves
MR       +....                  (no boots)
Stlth    ..........             y - amulet of harm
HPRegen  0.23/turn              n - +4 ring of strength
MPRegen  0.14/turn              b - ring of ice

@: no status effects
A: negative energy resistance 1, electricity resistance, unbreathing,
petrification resistance, rot immunity, AC +9
a: Heroism, Finesse, Renounce Religion


You were on level 2 of the Orcish Mines.
You worshipped Okawaru.
Okawaru was extremely pleased with you.
You were not hungry.

You visited 3 branches of the dungeon, and saw 16 of its levels.
You also visited: Ossuary.

You collected 1261 gold pieces.
You spent 200 gold pieces at shops.

Inventory:

Hand Weapons
 a - a +2 flail of flaming
 g - a +3 dire flail of protection (weapon)
 A - a +0 whip of electrocution
Missiles
 V - 3 poisoned tomahawks (quivered)
Armour
 c - a +0 shield
 l - a +2 pair of gloves (worn)
 o - a +2 cloak
 p - a +2 chain mail of magic resistance (worn)
 u - the +1 leather armour "Ynam" {Regen+ Slay+3}
   (You found it on level 4 of the Dungeon)

   It affects your accuracy and damage with ranged weapons and melee attacks
   (+3).
   It increases your rate of regeneration.
 v - a scarf of resistance (worn)
 M - the +0 helmet "Eryer" (worn) {*Contam rCorr Int+4}
   (Okawaru gifted it to you on level 11 of the Dungeon)

   It affects your intelligence (+4).
   It causes magical contamination when unequipped.
   It protects you from acid and corrosion.
 P - a +0 troll leather armour
 U - a +2 robe of positive energy
Jewellery
 b - a ring of ice (right hand)
 k - an uncursed ring of protection from fire
 n - a +4 ring of strength (left hand)
 y - an amulet of harm (around neck)
 H - a +1 ring of evasion
Wands
 q - a wand of iceblast (4)
 N - a wand of enslavement (19)
 R - a wand of flame (17)
Scrolls
 e - 3 scrolls of fear
 h - 5 scrolls of teleportation
 i - 3 scrolls of remove curse
 j - 3 scrolls of identify
 w - 2 scrolls of enchant armour
 x - 2 scrolls of immolation
 E - a scroll of torment
 K - a scroll of brand weapon
 Q - 2 scrolls of magic mapping
Potions
 t - a potion of might
 B - 2 potions of magic
 C - a potion of flight
 I - 3 potions of mutation
 O - a potion of agility
Books
 m - a book of Minor Magic

   Spells                             Type                      Level
   a - Magic Dart                     Conjuration                  1
   b - Blink                          Translocation                2
   c - Call Imp                       Summoning                    2
   d - Slow                           Hexes                        2
   e - Conjure Flame                  Conjuration/Fire             3
   f - Mephitic Cloud                 Conjuration/Poison/Air       3
 D - a book of Geomancy

   Spells                             Type                      Level
   a - Sandblast                      Earth                        1
   b - Passwall                       Transmutation/Earth          2
   c - Stone Arrow                    Conjuration/Earth            3
   d - Petrify                        Transmutation/Earth          4
   e - Lee's Rapid Deconstruction     Earth                        5
 F - a book of Frost

   Spells                             Type                      Level
   a - Freeze                         Ice                          1
   b - Throw Frost                    Conjuration/Ice              2
   c - Ozocubu's Armour               Charms/Ice                   3
   d - Throw Icicle                   Conjuration/Ice              4
   e - Summon Ice Beast               Ice/Summoning                4
 J - a book of Frost

   Spells                             Type                      Level
   a - Freeze                         Ice                          1
   b - Throw Frost                    Conjuration/Ice              2
   c - Ozocubu's Armour               Charms/Ice                   3
   d - Throw Icicle                   Conjuration/Ice              4
   e - Summon Ice Beast               Ice/Summoning                4
 T - a book of Enchantments

   Spells                             Type                      Level
   a - Cause Fear                     Hexes                        4
   b - Yara's Violent Unravelling     Hexes/Transmutation          5
   c - Silence                        Hexes/Air                    5
   d - Deflect Missiles               Charms/Air                   6
   e - Discord                        Hexes                        8
Miscellaneous
 r - a lightning rod (1/4)
 S - a lightning rod (1/4)
Comestibles
 f - 11 rations
 s - a chunk of flesh


   Skills:
 + Level 10.6 Fighting
 + Level 13.7 Maces & Flails
 + Level 6.7 Throwing
 + Level 9.8 Armour
 + Level 4.6 Dodging
 + Level 2.4 Stealth
 + Level 8.0 Shields
 + Level 1.2 Unarmed Combat
 + Level 1.5 Spellcasting
 + Level 1.0 Conjurations
   Level 0.5 Summonings
 + Level 3.2 Invocations
 + Level 0.6 Evocations


You had 12 spell levels left.
You knew the following spells:

 Your Spells              Type           Power        Failure   Level  Hunger
a - Magic Dart            Conj           #...         65%         1    ##.....
b - Blink                 Tloc           N/A          90%         2    ###....


Dungeon Overview and Level Annotations

Branches:
Dungeon (13/15)            Temple (0/1) D:7            Lair (1/6) D:10
    Orc (2/2) D:9             Elf (0/3) Orc:2
 Vaults: D:13-14

Altars:
Dithmenos
Elyvilon
Gozag
Hepliaklqana
Kikubaaqudgha
Makhleb
Okawaru
Ru
Sif Muna
Trog
Uskayaw
Vehumet
Xom
The Shining One
Jiyva

Shops:
D:4 *

Annotations:
D:4 exclusion: statue
D:11 !invisible thing


Innate Abilities, Weirdness & Mutations

You are resistant to torment.
Your stone body is resilient. (AC +9)
You are immune to poison.
You resist negative energy. (rN+)
You are resistant to electric shocks. (rElec)
You can survive without breathing.
You are immune to petrification.
You are immune to rotting.


Message History

You climb upwards.
There is a stone staircase leading down here.
You climb downwards.
The orc warlord roars a battlecry!
The orc high priest goes into a battle-frenzy!
The orc high priest calls down the wrath of Beogh upon you.
Beogh smites you!
* * * LOW HITPOINT WARNING * * *
The ice devil hits you but does no damage.
The ice devil hits you!
* * * LOW HITPOINT WARNING * * *
The ice devil freezes you. You resist.
* * * LOW HITPOINT WARNING * * *
There is a stone staircase leading up here.
The ice devil hits you.
* * * LOW HITPOINT WARNING * * *
The ice devil freezes you! You resist.
* * * LOW HITPOINT WARNING * * *
The ice devil hits you.
You die...

.......................
.......>..[[...........
.#####.)...#########...
#.....# #...#.). #..[.[#
+.8.#... ..... #..[[)#
#...'..# ....#####..[..#
#####..) .............#
#..) ....##.@4..(# #..[
#.. ##.44..(# #...
##.##.......#########...
##..#....o....(.O....).#.
#....#......(.([.....[#..
##..##.8o8.....#.4#.####.
###.....(([)..#.#### #.
#...##'((##.[....# #.
#...###.()..###....# #.


You could see an orc warlord, an orc high priest and 3 ice devils.

Vanquished Creatures
  Nessos (Orc:2)
  3 hydras
  5 two-headed ogres
  An orc high priest (Orc:2)
  An unseen horror (D:11)
  The ghost of p0werm0de the Cleaver, a novice GrCK of Xom (D:10)
  An orc sorcerer (Orc:1)
  3 orc knights (Orc:2)
  4 ugly things
  2 gargoyles
  The ghost of Monsterracer the Tainter, a novice DEVM (D:6)
  A spiny frog (Lair:1)
  A centaur skeleton (D:11)
  A kobold demonologist (D:9)
  2 komodo dragons
  The ghost of Miyamura the Ducker, a novice SpBe of Trog (D:4)
  5 trolls
  Prince Ribbit (D:6)
  A hornet (D:9)
  3 hippogriffs
  A vampire (D:10)
  A wyvern (D:11)
  16 yaks
  4 hungry ghosts
  A warg (Orc:2)
  Edmund (D:3)
  A water moccasin (D:7)
  3 black bears
  3 sky beasts
  25 orc warriors
  3 phantoms
  6 centaurs
  3 wolves (Lair:1)
  3 ice beasts
  A necrophage (D:9)
  6 ogres
  14 big kobolds
  2 crocodiles
  7 bullfrogs
  2 elf zombies (Ossuary)
  A water moccasin zombie (D:10)
  A wyvern skeleton (D:9)
  3 scorpions
  5 killer bees
  9 howler monkeys
  A bullfrog zombie (D:6)
  5 crimson imps
  2 centaur zombies (Ossuary)
  A quasit (D:10)
  9 jellies
  5 hounds
  2 human zombies (Ossuary)
  10 orc priests
  19 orc wizards
  A bullfrog skeleton (D:4)
  9 iguanas
  4 worker ants
  A big kobold zombie (Ossuary)
  3 mummies (Ossuary)
  3 worker ant zombies
  10 gnolls
  12 adders
  4 shadow imps
  8 oozes
  3 adder zombies (Ossuary)
  2 worms
  3 dart slugs
  8 leopard geckos
  92 orcs
  2 ball pythons (D:1)
  4 giant cockroaches
  3 gnoll zombies (Ossuary)
  8 goblins
  9 hobgoblins
  10 jackals
  18 kobolds
  4 quokkas
  3 bats (D:2)
  5 frilled lizards
  A goblin zombie (Ossuary)
  5 hobgoblin zombies (Ossuary)
  A jackal zombie (Ossuary)
  3 kobold zombies (Ossuary)
  An orc zombie (Ossuary)
  6 quokka zombies (Ossuary)
  5 rats
  3 rat zombies (Ossuary)
469 creatures vanquished.

Vanquished Creatures (collateral kills)
  A crimson imp (D:5)
1 creature vanquished.

Vanquished Creatures (others)
  An orc warrior (Orc:1)
  An orc wizard (Orc:1)
2 creatures vanquished.

Grand Total: 472 creatures vanquished

Notes
Turn   | Place    | Note
-------+----------+-------------------------------------------
     0 | D:1      | lydgate the Gargoyle Fighter began the quest for the Orb.
     0 | D:1      | Reached XP level 1. HP: 14/14 MP: 1/1
   226 | D:1      | Reached XP level 2. HP: 18/19 MP: 2/2
   734 | D:1      | Reached XP level 3. HP: 23/23 MP: 3/3
   825 | D:2      | Found a shadowy altar of Dithmenos.
  1538 | D:2      | Reached skill level 3 in Maces & Flails
  1538 | D:2      | Reached XP level 4. HP: 28/29 MP: 4/4
  1710 | D:2      | Reached skill level 1 in Throwing
  2301 | D:3      | Reached XP level 5. HP: 28/33 MP: 5/5
  2842 | D:4      | Noticed Edmund
  2955 | D:4      | Found Kyis Ved's General Store.
  3006 | D:4      | Noticed a phantom
  3010 | D:4      | Noticed a phantom
  3020 | D:3      | Reached XP level 6. HP: 33/38 MP: 6/6
  3098 | D:3      | Killed Edmund
  3098 | D:3      | Reached skill level 4 in Maces & Flails
  3230 | D:3      | Killed a phantom
  3230 | D:3      | Reached skill level 1 in Dodging
  3230 | D:3      | Reached skill level 5 in Shields
  3230 | D:3      | Reached XP level 7. HP: 27/43 MP: 7/7
  3437 | D:4      | Found an opulent altar of Gozag.
  3478 | D:4      | Reached skill level 5 in Maces & Flails
  3639 | D:4      | Reached skill level 5 in Armour
  3655 | D:4      | Got a steaming leather armour
  3667 | D:4      | Identified the cursed +1 leather armour "Ynam" {Regen+ Slay+3} (You found it on level 4 of the Dungeon)
  3726 | D:4      | Found a sacrificial altar of Ru.
  3730 | D:4      | Found a radiant altar of Vehumet.
  3789 | D:4      | Noticed Miyamura's ghost (novice SpBe)
  3827 | D:4      | Killed Miyamura's ghost
  3827 | D:4      | Reached XP level 8. HP: 36/48 MP: 8/8
  3857 | D:4      | Bought a scroll of brand weapon for 200 gold pieces
  4055 | D:4      | Reached skill level 6 in Maces & Flails
  4229 | D:5      | Entered Level 5 of the Dungeon
  4458 | D:5      | Learned a level 1 spell: Magic Dart
  4461 | D:5      | Learned a level 2 spell: Blink
  4464 | D:5      | Learned a level 2 spell: Call Imp
  4610 | D:5      | Found a shimmering altar of Xom.
  4611 | D:5      | Found an iron altar of Okawaru.
  4666 | D:5      | Found a deep blue altar of Sif Muna.
  4718 | D:5      | Became a worshipper of Warmaster Okawaru
  5117 | D:6      | Found a sand-covered staircase.
  5122 | D:6      | Noticed Monsterracer's ghost (novice DEVM)
  5136 | D:6      | Killed Monsterracer's ghost
  5153 | D:6      | Reached * piety under Okawaru
  5172 | Ossuary  | Entered an ossuary
  5234 | Ossuary  | Reached skill level 5 in Fighting
  5298 | Ossuary  | Reached skill level 7 in Maces & Flails
  5366 | Ossuary  | Reached XP level 9. HP: 52/54 MP: 10/10
  5748 | D:6      | Noticed Prince Ribbit
  5759 | D:6      | Killed Prince Ribbit
  5798 | D:6      | Reached skill level 8 in Maces & Flails
  5799 | D:6      | Reached ** piety under Okawaru
  6196 | D:7      | Found a hide-covered altar of Uskayaw.
  6220 | D:7      | Noticed a dagger
  6220 | D:7      | Noticed a hand axe
  6418 | D:7      | Found an iron altar of Okawaru.
  6431 | D:7      | Reached skill level 9 in Maces & Flails
  6999 | D:7      | Found a staircase to the Ecumenical Temple.
  7373 | D:8      | Reached skill level 1 in Invocations
  7406 | D:7      | Reached XP level 10. HP: 42/61 MP: 8/11
  7650 | D:8      | Found a hazy altar of Hepliaklqana.
  7664 | D:8      | Reached skill level 1 in Unarmed Combat
  7979 | D:8      | Found a burning altar of Makhleb.
  7979 | D:8      | Found an ancient bone altar of Kikubaaqudgha.
  8108 | D:8      | Reached *** piety under Okawaru
  8344 | D:9      | Reached skill level 10 in Maces & Flails
  8363 | D:9      | Reached skill level 1 in Stealth
  8469 | D:9      | Found a viscous altar of Jiyva.
  8615 | D:9      | Found a staircase to the Orcish Mines.
  8741 | D:9      | Found a white marble altar of Elyvilon.
  8850 | D:9      | Reached **** piety under Okawaru
  8850 | D:9      | Reached skill level 11 in Maces & Flails
  9102 | D:9      | Noticed a kobold demonologist
  9120 | D:9      | Killed a kobold demonologist
  9120 | D:9      | Reached XP level 11. HP: 67/68 MP: 12/12
  9324 | D:10     | Entered Level 10 of the Dungeon
  9453 | D:10     | Found a staircase to the Lair.
  9713 | D:10     | Noticed a two-headed ogre
  9761 | Lair:1   | Entered Level 1 of the Lair of Beasts
  9770 | Lair:1   | Reached ***** piety under Okawaru
  9845 | D:10     | Reached skill level 1 in Spellcasting
  9853 | D:10     | Killed a two-headed ogre
  9853 | D:10     | Received a gift from Okawaru
  9853 | D:10     | Reached skill level 12 in Maces & Flails
  9901 | D:10     | Noticed p0werm0de's ghost (novice GrCK)
  9918 | D:10     | Killed p0werm0de's ghost
  9960 | D:10     | Found a glowing golden altar of the Shining One.
 10221 | D:10     | Reached skill level 5 in Throwing
 10373 | D:11     | Noticed a brown ugly thing
 10384 | D:11     | Killed a brown ugly thing
 10388 | D:11     | Received a gift from Okawaru
 10398 | D:11     | Got an encrusted helmet {god gift}
 10404 | D:11     | Identified the +0 helmet "Eryer" {*Contam rCorr Int+4} (Okawaru gifted it to you on level 11 of the Dungeon)
 10577 | D:11     | Noticed a white ugly thing
 10590 | D:11     | Killed a white ugly thing
 10722 | D:11     | Reached XP level 12. HP: 34/76 MP: 14/14
 10913 | D:11     | Noticed a two-headed ogre
 10921 | D:11     | Killed a two-headed ogre
 11146 | D:11     | Noticed an eight-headed hydra
 11156 | D:11     | Killed an eight-headed hydra
 11478 | D:11     | Noticed a two-headed ogre
 11483 | D:11     | Killed a two-headed ogre
 11975 | D:12     | Reached skill level 13 in Maces & Flails
 12000 | D:12     | Noticed a two-headed ogre
 12005 | D:12     | Killed a two-headed ogre
 12325 | D:12     | Noticed a five-headed hydra
 12334 | D:12     | Killed a five-headed hydra
 12366 | D:12     | Noticed a seven-headed hydra
 12372 | D:12     | Killed a seven-headed hydra
 12372 | D:12     | Reached skill level 10 in Fighting
 13121 | Orc:1    | Entered Level 1 of the Orcish Mines
 13189 | Orc:1    | Found a bloodstained altar of Trog.
 13215 | Orc:1    | Noticed a two-headed ogre
 13244 | Orc:1    | Received a gift from Okawaru
 13244 | Orc:1    | Reached XP level 13. HP: 47/82 MP: 15/15
 13569 | Orc:2    | Entered Level 2 of the Orcish Mines
 13569 | Orc:2    | Found a staircase to the Elven Halls.
 13808 | Orc:2    | Noticed Nessos
 13836 | Orc:2    | Killed Nessos
 14031 | Orc:2    | Received a gift from Okawaru
 14276 | Orc:2    | Reached skill level 1 in Conjurations
 14340 | Orc:2    | Upgraded the game from 0.21.0-3-g78d12a8 to 0.21.0-24-g2553a33
 14393 | Orc:2    | Received a gift from Okawaru
 14484 | Orc:2    | HP: 2/83 [sixfirhy[an orc high priest] (3)]
 14899 | Orc:2    | Noticed an orc warlord
 14911 | Orc:2    | HP: 2/83 [ice devil[an orc high priest] (8)]
 14911 | Orc:2    | Slain by an ice devil

Skill      XL: |  1  2  3  4  5  6  7  8  9 10 11 12 13 |
---------------+----------------------------------------+-----
Maces & Flails | 3 4 5 7 9 11 12 13 | 13.7
Throwing       | 1 2 3 4 5 6 |  6.7
Armour         | 4 5 6 7 9 |  9.8
Shields        | 4 5 6 7 8 |  8.0
Fighting       | 4 5 6 7 9 10 | 10.6
Dodging        | 1 2 3 4 |  4.6
Invocations    | 1 3 |  3.2
Unarmed Combat | 1 |  1.2
Stealth        | 1 2 |  2.4
Spellcasting   | 1 |  1.5
Conjurations   | 1 |  1.0
Summonings     | |  0.5
Evocations     | |  0.6

Action                   |  1- 3 |  4- 6 |  7- 9 | 10-12 | 13-15 || total
-------------------------+-------+-------+-------+-------+-------++-------
Melee: Flail             |   138 |    26 |       |   500 |   143 ||   807
       Whip              |     6 |    96 |       |       |       ||   102
       Dire flail        |       |    20 |   316 |   261 |    23 ||   620
       Unarmed           |       |       |     3 |       |       ||     3
Throw: Stone             |   102 |    28 |     1 |       |       ||   131
       Tomahawk          |       |       |    86 |    42 |    99 ||   227
       Throwing net      |       |       |     4 |       |       ||     4
 Cast: Call Imp          |       |       |     2 |       |       ||     2
       Magic Dart        |       |       |       |     4 |     3 ||     7
Invok: Heroism           |       |       |     4 |    13 |     2 ||    19
       Finesse           |       |       |       |     4 |     1 ||     5
Evoke: Wand              |       |     2 |       |     2 |     1 ||     5
       Lightning rod     |       |       |       |     4 |     3 ||     7
  Use: Scroll            |     3 |     3 |    11 |     9 |     4 ||    30
       Potion            |       |     5 |     1 |     3 |     2 ||    11
 Stab: Sleeping          |       |       |     1 |       |       ||     1
  Eat: Chunk             |     2 |     6 |     6 |    10 |     4 ||    28
       Ration            |       |       |     3 |     4 |       ||     7
Armor: Scale mail        |   101 |    30 |       |       |       ||   131
       Plate armour      |       |    69 |    28 |       |       ||    97
       Leather armour    |       |       |    98 |    33 |       ||   131
       Chain mail        |       |       |    64 |   389 |    38 ||   491
       Troll leather arm |       |       |       |       |    26 ||    26
Dodge: Dodged            |    65 |    47 |   143 |   236 |    57 ||   548
Block: Shield            |   112 |    67 |       |   232 |    96 ||   507
